 Dungeon Crawl Stone Soup version 0.23-a0-629-gae4348f (webtiles) character file.

64 Matador8 the Cudgeler (level 4, -2/35 HPs)
             Began as a Human Monk on Dec 25, 2018.
             Slain by Terence
             ... wielding a +2 mace of crushing
              (7 damage)
             ... on level 2 of the Dungeon.
             The game lasted 00:08:19 (1843 turns).

Matador8 the Cudgeler (Human Monk)                  Turns: 1843, Time: 00:08:20

Health: -2/35      AC:  5    Str: 12    XL:     4   Next: 32%
Magic:  4/4        EV: 12    Int: 10    God:
Gold:   22         SH:  0    Dex: 16    Spells: 3/3 levels left

rFire    . . .     SeeInvis .   a - +0 mace
rCold    . . .     Gourm    .   (no shield)
rNeg     . . .     Faith    .   l - +0 ring mail
rPois    .         Spirit   .   (no helmet)
rElec    .         Reflect  .   (no cloak)
rCorr    .         Harm     .   (no gloves)
MR       .....                  (no boots)
Stlth    +.........             (no amulet)
HPRegen  0.11/turn              (no ring)
MPRegen  0.09/turn              (no ring)

@: no status effects
A: no striking features
a: no special abilities


You were on level 2 of the Dungeon.
You were not hungry.

You visited 1 branch of the dungeon, and saw 2 of its levels.

You collected 22 gold pieces.

Inventory:

Hand Weapons
 a - a +0 mace (weapon)
 o - a +0 whip
Armour
 b - a +0 robe
 l - a +0 ring mail (worn)
Scrolls
 e - 6 scrolls of identify {unknown}
 f - 3 scrolls of enchant weapon {unknown}
 h - a scroll of remove curse {unknown}
 i - a scroll of enchant armour {unknown}
 j - a scroll of fear {unknown}
 m - a scroll of teleportation {unknown}
Potions
 d - a potion of magic {unknown}
 g - a potion of curing {unknown}
 k - 2 potions of flight {unknown}
 n - a potion of cancellation {unknown}
Comestibles
 c - 3 rations


   Skills:
 - Level 3.0 Fighting
 + Level 4.9 Maces & Flails
 - Level 3.0 Dodging
 - Level 2.0 Stealth


You had 3 spell levels left.
You didn't know any spells.
Your spell library was empty.

Dungeon Overview and Level Annotations

Branches:
Dungeon (2/15)

Altars:

Annotations:
D:2 Natasha, Terence


Message History

Terence closely misses you.
You hit Terence.
Terence is severely wounded.
Terence hits you but does no damage.
You barely miss Terence.
Terence is severely wounded.
Terence hits you with a +2 mace of crushing.
* * * LOW HITPOINT WARNING * * *
You closely miss Terence.
Terence is severely wounded.
Terence hits you with a +2 mace of crushing.
* * * LOW HITPOINT WARNING * * *
x2 You barely miss Terence.
Terence is severely wounded.
Terence hits you with a +2 mace of crushing.
* * * LOW HITPOINT WARNING * * *
x2 You hit Terence.
Terence is severely wounded.
Terence hits you with a +2 mace of crushing!
You die...

######..######## ####
##........####### ...##
########.......# ##..#####
#######.# ## ##.....#
#.######.# #####.#
#.#......# #.#####
##.#.##.###
#.....#######....##.#
#####....@@....####.#
##########.......###...#
####..........#########.###
.....########...........#
###### #........@.##
#..........# ##[##....###
###..##.##.# #........##.#


You could see Terence.

Vanquished Creatures
  An adder (D:1)
  An ooze (D:1)
  An adder zombie (D:2)
  2 worms (D:2)
  A dart slug (D:1)
  3 leopard geckos (D:1)
  An orc (D:1)
  4 giant cockroaches
  3 goblins (D:1)
  4 hobgoblins
  A kobold (D:1)
  4 bats (D:1)
  4 frilled lizards
  6 rats
36 creatures vanquished.

Notes
Turn   | Place    | Note
-------+----------+-------------------------------------------
     0 | D:1      | Matador8 the Human Monk began the quest for the Orb.
     0 | D:1      | Reached XP level 1. HP: 18/18 MP: 1/1
    92 | D:1      | Reached XP level 2. HP: 16/24 MP: 2/2
   526 | D:1      | Reached skill level 4 in Maces & Flails
   526 | D:1      | Reached XP level 3. HP: 25/29 MP: 3/3
   945 | D:2      | Noticed Terence
  1458 | D:2      | Reached XP level 4. HP: 23/35 MP: 4/4
  1744 | D:2      | Noticed Natasha
  1843 | D:2      | Slain by Terence

Vault maps used:
D:1:      lightli_arrival_lavapool
D:2:      cheibrodos_old_hovel, uniq_natasha, uniq_terence

Skill      XL: |  1  2 |
---------------+-------+-----
Maces & Flails | 4 |  4.9
Fighting       | |  3.0
Dodging        | |  3.0
Stealth        | |  2.0

Action                   |  1- 3 |  4- 6 || total
-------------------------+-------+-------++-------
Melee: Mace              |   126 |    31 ||   157
 Stab: Sleeping          |     4 |       ||     4
  Eat: Chunk             |     1 |       ||     1
       Ration            |       |     1 ||     1
Armor: Robe              |    30 |       ||    30
       Ring mail         |     3 |     7 ||    10
Dodge: Dodged            |   110 |    20 ||   130

Table legend:
 A = Non-vault XP
 B = Vault XP
 C = Vault XP percentage of total XP
 D = Non-vault monster count
 E = Vault monster count
 F = Vault count percentage of total count
                 A         B        C        D         E       F
            +---------+---------+-------+---------+---------+-------
      Total |      91 |       1 |   1.1 |      35 |       1 |   2.8
            +---------+---------+-------+---------+---------+-------
        D:1 |      67 |       0 |   0.0 |      26 |       0 |   0.0
        D:2 |      24 |       1 |   4.0 |       9 |       1 |  10.0
            +---------+---------+-------+---------+---------+-------
